 Dungeon Crawl Stone Soup version 0.29.1-15-g9cfb28693d (webtiles) character file.

Game seed: 646475127566921690

662 GigaChad the Chopper (level 7, -1/60 HPs)
             Began as a Minotaur Fighter on Mar 12, 2023.
             Slain by Edmund
             ... wielding a +3 flail of protection
              (9 damage)
             ... on level 5 of the Dungeon.
             The game lasted 00:04:32 (3234 turns).

GigaChad the Chopper (Minotaur Fighter)             Turns: 3234, Time: 00:04:33

Health: -1/60      AC: 10    Str: 23    XL:     7   Next: 30%
Magic:  6/6        EV:  8    Int:  5    God:
Gold:   220        SH:  5    Dex: 15    Spells: 6/6 levels left

rFire   . . .      SeeInvis .   a - +0 war axe
rCold   . . .      Faith    .   c - +0 buckler
rNeg    . . .      Spirit   .   k - +0 chain mail
rPois   .          Reflect  .   (helmet restricted)
rElec   .          Harm     .   (no cloak)
rCorr   .          Rampage  .   (no gloves)
Will    .....                   (no boots)
Stlth   ..........              (no amulet)
HPRegen 0.20/turn               u - +6 ring of dexterity
MPRegen 0.10/turn               (no ring)

@: no status effects
A: horns 2, retaliatory headbutt
a: no special abilities


You were on level 5 of the Dungeon.
You visited 1 branch of the dungeon, and saw 5 of its levels.

You collected 220 gold pieces.

Inventory:

Hand Weapons
 a - a +0 war axe (weapon)
Missiles
 s - 2 throwing nets (quivered)
Armour
 b - a +0 scale mail
 c - a +0 buckler (worn)
 k - a +0 chain mail (worn)
Jewellery
 h - a ring of wizardry
 q - a ring of protection from cold
 u - a +6 ring of dexterity (left hand)
Scrolls
 i - 3 scrolls of noise
 l - 2 scrolls of amnesia
 m - a scroll of silence
 o - 2 scrolls of teleportation {unknown}
 t - 3 scrolls of identify {unknown}
Potions
 d - a potion of might
 e - a potion of curing {unknown}
 f - 2 potions of resistance {unknown}
 g - a potion of lignification {unknown}
 j - a potion of invisibility {unknown}
 n - 2 potions of heal wounds {unknown}
 p - a potion of brilliance {unknown}
 r - 3 potions of haste {unknown}
 v - a potion of mutation {unknown}


   Skills:
 + Level 4.9 Fighting
 + Level 6.7 Axes
 + Level 6.0 Armour
 + Level 1.5 Dodging
 + Level 0.2 Stealth
 + Level 5.1 Shields


You had 6 spell levels left.
You didn't know any spells.
Your spell library contained the following spells:

 Spells                   Type           Power      Damage    Failure   Level
 Portal Projectile        Hex/Tloc       0%         N/A       100%        3
 Tukima's Dance           Hex            0%         N/A       100%        3
 Alistair's Intoxication  Tmut/Pois      0%         N/A       100%        5
 Blade Hands              Tmut           0%         N/A       100%        5
 Borgnjor's Vile Clutch   Necr/Erth      0%         N/A       100%        5
 Eringya's Noxious Bog    Tmut/Pois      0%         N/A       100%        6


Dungeon Overview and Level Annotations

Branches:
Dungeon (5/15)
 Temple: D:4-7

Altars:

Annotations:
D:5 Edmund


Innate Abilities, Weirdness & Mutations

You have a pair of horns on your head.
You reflexively headbutt those who attack you in melee.


Message History

Edmund hits you with a +3 flail of protection.
You hit Edmund but do no damage.
Edmund is heavily wounded.
Edmund hits you but does no damage.
You hit Edmund but do no damage. You headbutt Edmund, but do no damage.
Edmund is heavily wounded.
Edmund hits you with a +3 flail of protection.
* * * LOW HITPOINT WARNING * * *
You hit Edmund but do no damage.
Edmund is heavily wounded.
Edmund hits you with a +3 flail of protection!
* * * LOW HITPOINT WARNING * * *
You hit Edmund but do no damage. You headbutt Edmund.
Edmund is severely wounded.
Edmund closely misses you. x2
You hit Edmund but do no damage. You headbutt Edmund, but do no damage.
Edmund is severely wounded.
You block Edmund's attack.
You closely miss Edmund.
Edmund is severely wounded.
Edmund hits you but does no damage.
You hit Edmund but do no damage.
Edmund is severely wounded.
You block Edmund's attack.
You completely miss Edmund.
Edmund is severely wounded.
Edmund barely misses you.
You hit Edmund.
Edmund is severely wounded.
Edmund asks, "Have you met my wondrous brother?"
You block Edmund's attack.
Edmund hits you with a +3 flail of protection.
* * * LOW HITPOINT WARNING * * *
You hit Edmund. Your headbutt misses Edmund.
Edmund is almost dead.
Edmund hits you but does no damage.
You hit Edmund but do no damage.
Edmund is almost dead.
Edmund hits you with a +3 flail of protection!
You die...

#.........
#.........
#.........
#.........
#........
#.....#.#
##.@..[#.##
#..@.......
#..........
####..).......
#.............
#.............
#......†......
#......†.....#
####...).....#
#.........####


You could see Edmund.

Vanquished Creatures
  An ice beast (D:4)
  2 ogres
  A phantom (D:4)
  A scorpion (D:5)
  A howler monkey (D:4)
  3 hounds
  6 adders
  A dart slug (D:1)
  8 orcs
  4 ball pythons
  5 endoplasms
  A giant cockroach (D:4)
  8 goblins
  4 hobgoblins
  3 jackals (D:2)
  11 kobolds
  3 quokkas
  5 bats
  3 frilled lizards (D:1)
  4 rats
75 creatures vanquished.

Notes
Turn   | Place    | Note
-------+----------+-------------------------------------------
     0 | D:1      | GigaChad the Minotaur Fighter began the quest for the Orb.
     0 | D:1      | Reached XP level 1. HP: 19/19 MP: 0/0
   174 | D:1      | Reached XP level 2. HP: 19/27 MP: 1/1
   871 | D:1      | Found a faded altar of an unknown god.
  1147 | D:2      | Reached XP level 3. HP: 33/33 MP: 2/2
  1841 | D:3      | Identified the +4 leather armour of Indomitability {rCorr
                  | Int+4 Slay-5}
  1904 | D:3      | Reached XP level 4. HP: 40/40 MP: 3/3
  2285 | D:4      | Noticed an ice beast
  2294 | D:4      | Killed an ice beast
  2295 | D:4      | Reached skill level 1 in Dodging
  2295 | D:4      | Reached XP level 5. HP: 34/46 MP: 4/4
  2410 | D:4      | Reached skill level 5 in Axes
  2410 | D:4      | Reached skill level 5 in Armour
  2419 | D:4      | Reached XP level 6. HP: 47/53 MP: 5/5
  3104 | D:5      | Entered Level 5 of the Dungeon
  3118 | D:5      | Reached skill level 5 in Shields
  3118 | D:5      | Reached XP level 7. HP: 47/60 MP: 6/6
  3206 | D:5      | Noticed Edmund
  3234 | D:5      | Slain by Edmund

Illustrated notes

Levels and vault maps discovered:
D:1:      minmay_arrival_cross, layout_loops_cross,
          dreamdust_ecumenical_altar_statues, nicolae_figureground_sparkle
D:2:      layout_basic
D:3:      layout_basic
D:4:      layout_loops_ring, minmay_crystal_water, grunt_ministairs_1,
          hangedman_abyss_or_decor_lesser_grid, dk_noncrumbling_2,
          dk_rats_in_the_wall
D:5:      layout_basic, lemuel_temple_firewalk_b, portal_sewer_entry_f,
          uniq_grinder, uniq_crazy_yiuf_cottage, uniq_edmund

Skill      XL: |  1  2  3  4  5  6  7 |
---------------+----------------------+-----
Axes           | 3 4 5 6 |  6.7
Armour         | 4 5 6 |  6.0
Shields        | 4 5 |  5.1
Fighting       | 4 |  4.9
Dodging        | 1 |  1.5
Stealth        | |  0.2

Action                   |  1- 3 |  4- 6 |  7- 9 || total
-------------------------+-------+-------+-------++-------
Melee: War axe           |    91 |    47 |    32 ||   170
       Headbutt          |    12 |     6 |     4 ||    22
  Use: Scroll            |     3 |       |       ||     3
Armor: Scale mail        |    22 |       |       ||    22
       Chain mail        |    42 |    35 |    14 ||    91
Dodge: Dodged            |    36 |    27 |    14 ||    77
Block: Buckler           |    19 |    19 |     8 ||    46
